Build Orders - Match 32553076 - cohdb - Company of Heroes 3 Replays
cohdb
Replays
Latest Replays
All Replays
Popular Replays
Top Player Replays
Match Explorer
How It Works
Community
CoH3 Stats
Reddit
Sign in to upload your games and track your stats! →
Sign in with Steam
Match 32553076
Unlisted
Match 32553076
Overview
Messages
Build Orders
End
Scout Squad
Scout Squad
Scout Squad
Selects Airborne Battlegroup
Selects Pathfinders
Construct Weapon Support Center
M1919 Machine Gun Team
Infantry Support Center
Selects Paratrooper Squad Paradrop
Construct Medical Station
Paratrooper Squad Paradrop
Paratrooper Squad Paradrop
Selects Anti-tank Gun Team Paradrop
Advanced Logistics
Phan
kamacura
JohnsonGiver
Lyco
BusinessPenguin
Big Steppa#Stomped
0
0
Comments
sign in to comment!
No comments posted yet!